 Dungeon Crawl Stone Soup version 0.31.0-12-g77e489cdc1 (webtiles) character file.

Game seed: 2253190513133030499

287267 jasper the Destroyer (level 19, -16/166 HPs)
             Began as a Demigod Conjurer on Feb 23, 2024.
             Killed from afar by a deep elf zephyrmancer (21 damage)
             ... with a bolt of lightning
             ... on level 3 of the Elven Halls on Feb 25, 2024.
             The game lasted 02:04:31 (59880 turns).

jasper the Destroyer (Demigod Conjurer)            Turns: 59880, Time: 02:04:33

Health: -16/166    AC: 20    Str:  8    XL:     19   Next: 11%
Magic:  12/40      EV: 12    Int: 56    God:
Gold:   1260       SH:  4    Dex: 10    Spells: 4/42 levels left

rFire   . . .        v - +4 demon trident (heavy)
rCold   . . .        g - +0 buckler
rNeg    . . .        Q - +0 ring mail of the Bruised Lovers {rPois rCorr Int+6 Dex-2}
rPois   +            A - +2 helmet
rElec   .            N - +2 cloak of the Lily {rPois SInv Stlth+}
rCorr   +            u - +2 pair of gloves
SInv    +            t - +2 pair of boots {rampage}
Will    ++...        D - amulet "Gezes" {RegenMP rPois}
Stlth   ++           e - +6 ring of intelligence
HPRegen 0.47/turn    y - ring of willpower
MPRegen 0.67/turn

%: rampage
@: no status effects
A: high MP 1, forlorn, divine attributes
}: 2/15 runes: serpentine, barnacled
a: no special abilities


You were on level 3 of the Elven Halls.
You visited 7 branches of the dungeon, and saw 34 of its levels.
You visited 1 bazaar.
You also visited: Ossuary, Gauntlet and Ice Cave.

You collected 5512 gold pieces.
You spent 4252 gold pieces at shops.

Inventory:

Hand Weapons
 v - a +4 heavy demon trident (weapon)
Missiles
 F - 4 throwing nets
 T - 9 curare-tipped darts
Armour
 g - a +0 buckler (worn)
 j - a +2 robe of willpower
 t - a +2 pair of boots of rampaging (worn)
 u - a +2 pair of gloves (worn)
 A - a +2 helmet (worn)
 N - the +2 cloak of the Lily (worn) {rPois SInv Stlth+}
   (You found it on level 8 of the Dungeon)

   rPois:     It protects you from poison SInv: It lets you see invisible.
   Stlth+:    It makes you more stealthy.
 Q - the +0 ring mail of the Bruised Lovers (worn) {rPois rCorr Int+6 Dex-2}
   (You found it on level 1 of the Snake Pit)

   Int+6:     It affects your intelligence (+6).
   Dex-2:     It affects your dexterity (-2).
   rPois:     It protects you from poison rCorr: It protects you from acid and
   corrosion.
Magical Staves
 s - the staff of Koeroj {rElec rN+ Ice Earth}
   (You found it in a Gauntlet)

   [staff of earth]

   Base accuracy: +5 Base damage: 5 Base attack delay: 1.2 This weapon's minimum
   attack delay (0.6) is reached at skill level 12.
   rElec:     It insulates you from electricity.
   rN+:       It protects you from negative energy.
   Ice:       It increases the power of your Ice spells.
   Earth:     It increases the power of your Earth spells.
   It falls into the 'Staves' category.
   It is a one-handed weapon.
Jewellery
 e - a +6 ring of intelligence (left hand)
 y - a ring of willpower (right hand)
 B - a ring of willpower
 D - the amulet "Gezes" (around neck) {RegenMP rPois}
   (You found it in a Gauntlet)

   [amulet of magic regeneration]

   RegenMP:   It increases your rate of magic regeneration.
   rPois:     It protects you from poison
 P - a ring of protection from cold
 W - a ring of positive energy
Wands
 d - a wand of roots (4)
 C - a wand of charming (15)
 G - a wand of digging (16)
 I - a wand of polymorph (21)
 U - a wand of flame (80)
 V - a wand of acid (2)
Scrolls
 f - 4 scrolls of silence
 h - 15 scrolls of identify
 i - 6 scrolls of poison
 m - 3 scrolls of amnesia
 p - 6 scrolls of enchant armour
 w - 3 scrolls of revelation
 x - 14 scrolls of teleportation
 z - 4 scrolls of noise
 H - a scroll of blinking
 O - 5 scrolls of fog
 X - 12 scrolls of vulnerability
 Y - 6 scrolls of immolation
 Z - 5 scrolls of fear
Potions
 a - a potion of brilliance
 b - 2 potions of magic
 k - 9 potions of lignification
 l - 4 potions of attraction
 n - 17 potions of curing
 o - 5 potions of haste
 r - 4 potions of ambrosia
 J - 4 potions of might
 K - 3 potions of cancellation
 L - 2 potions of mutation
 M - a potion of invisibility
 R - 8 potions of enlightenment
 S - 6 potions of berserk rage
Miscellaneous
 q - a phial of floods


   Skills:
 + Level 13.9 Fighting
 - Level 12.0 Staves
 - Level 7.5 Armour
 - Level 10.2 Dodging
 - Level 1.7 Stealth
 - Level 4.0 Shields
 - Level 12.0 Spellcasting
 - Level 14.0 Conjurations
 - Level 7.0 Hexes
 - Level 7.0 Summonings
 - Level 6.0 Necromancy
 - Level 4.0 Translocations
 - Level 4.0 Ice Magic
 - Level 4.0 Air Magic
 - Level 13.1 Earth Magic
 - Level 4.0 Alchemy


You had 4 spell levels left.
You knew the following spells:

 Your Spells              Type           Power      Damage    Failure   Level
a - Magic Dart            Conj           100%       1d8       0%          1
b - Borgnjor's Vile Clut  Necr/Erth      48%        N/A       1%          5
c - Blink                 Tloc           100%       N/A       1%          2
d - Iskenderun's Mystic   Conj/Tloc      94%        2d18      1%          4
e - Apportation           Tloc           100%       N/A       1%          1
f - Fulminant Prism       Conj/Alch      47%        3d20      1%          4
g - Summon Mana Viper     Hex/Summ       84%        N/A       3%          5
h - Mephitic Cloud        Conj/Alch/Air  86%        N/A       1%          3
i - Freezing Cloud        Conj/Ice/Air   43%        6-21      2%          5
j - Bombard               Conj/Erth      55%        9d9       1%          6
k - Sublimation of Blood  Necr           79%        N/A       1%          2

Your spell library contained the following spells:

 Spells                   Type           Power      Damage    Failure   Level
 Sandblast                Erth           100%       2d20      0%          1
 Searing Ray              Conj           100%       2d8       0%          2
 Necrotise                Necr           100%       1d9       1%          1
 Sting                    Conj/Alch      100%       1d9       1%          1
 Summon Small Mammal      Summ           100%       N/A       1%          1
 Ensorcelled Hibernation  Hex/Ice        100%       N/A       1%          2
 Lesser Beckoning         Tloc           100%       N/A       1%          2
 Mercury Vapours          Alch/Air       100%       N/A       1%          2
 Momentum Strike          Conj/Tloc      100%       3d10      1%          2
 Call Canine Familiar     Summ           84%        N/A       1%          3
 Dazzling Flash           Conj/Hex       100%       N/A       1%          3
 Fugue of the Fallen      Necr           79%        N/A       1%          3
 Gell's Gravitas          Tloc           68%        N/A       1%          3
 Hailstorm                Conj/Ice       94%        3d15      1%          3
 Passwall                 Erth           100%       N/A       1%          3
 Stone Arrow              Conj/Erth      100%       3d13      1%          3
 Summon Ice Beast         Ice/Summ       76%        N/A       1%          3
 Teleport Other           Tloc           68%        N/A       1%          3
 Anguish                  Hex/Necr       41%        N/A       1%          4
 Brom's Barrelling Bould  Conj/Erth      100%       2d11      1%          4
 Leda's Liquefaction      Alch/Erth      46%        N/A       1%          4
 Petrify                  Alch/Erth      92%        N/A       1%          4
 Volatile Blastmotes      Fire/Tloc      100%       2d18      2%          3
 Passage of Golubria      Tloc           68%        N/A       3%          4
 Summon Blazeheart Golem  Fire/Summ      64%        N/A       4%          4
 Irradiate                Conj/Alch      47%        3d27      1%          5
 Iskenderun's Battlesphe  Conj           100%       2d15      1%          5
 Curse of Agony           Necr           79%        N/A       4%          5
 Silence                  Hex/Air        38%        N/A       5%          5
 Summon Forest            Summ/Tloc      38%        N/A       5%          5
 Alistair's Intoxication  Alch           45%        N/A       10%         5
 Starburst                Conj/Fire      42%        6d12      16%         6
 Summon Cactus Giant      Summ           42%        N/A       16%         6
 Spellforged Servitor     Conj/Summ      50%        N/A       22%         7
 Lehudib's Crystal Spear  Conj/Erth      55%        10d13     43%         8
 Eringya's Noxious Bog    Alch           34%        4d6       50%         6
 Sculpt Simulacrum        Ice/Alch       34%        N/A       50%         6
 Summon Hydra             Summ           42%        N/A       65%         7
 Maxwell's Capacitive Co  Air            34%        ∞         100%        8
 Shatter                  Erth           55%        3d41*     100%        9


Dungeon Overview and Level Annotations

Branches:
Dungeon (15/15)            Temple (1/1) D:4            Lair (5/5) D:8
 Shoals (4/4) Lair:2        Snake (4/4) Lair:3        Slime (0/5) Lair:4
    Orc (2/2) D:10            Elf (3/3) Orc:2        Vaults (0/5) D:14
 Depths (0/4) D:15        Ossuary (visited)           IceCv (visited)
Gauntlet (visited)

Shops:
D:3 ![   D:10 ([(:   D:11 :   Orc:2 ???   Elf:1 (   Shoals:3 !   Snake:1 :
Snake:3 *

Portals:
Hell: Lair:5
Trove: Elf:1 (give horn of Geryon)

Annotations:
D:15 1 runed translucent door, AyAyRon's ghost, adept DsFi
Shoals:1 1 runed translucent door, Glennnyy's ghost, adept GrFi
Shoals:3 2 transporters, 1 runed translucent door, royokou's ghost, adept GrEE
Orc:2 1 runed translucent door, bearlyready's ghost, journeyman GnSh
Elf:2 3 runed translucent doors


Innate Abilities, Weirdness & Mutations

You have an increased reservoir of magic. (+10% MP)
You shall have no god before yourself.
Your divine heritage dramatically boosts your attributes as you level up.


Message History

* * * LOW HITPOINT WARNING * * *
You hear a shout!
Unknown command.
Unknown command.
The deep elf annihilator casts a spell at you.
The iron shot misses you.
Things that are here:
a +0 rapier; a +0 chain mail The +0 battleaxe of distortion is engulfed in freezing vapours.
You feel much better.
Your surroundings suddenly seem different.
The deep elf annihilator hits you with a +1 lajatang of distortion.
* * * LOW HITPOINT WARNING * * *
Space warps around you.
* * * LOW HITPOINT WARNING * * *
Okay, then.
Unknown command.
As you read the scroll of teleportation, it crumbles to dust.
You feel strangely unstable.
The deep elf annihilator completely misses you.
You block the deep elf annihilator's attack.
Press: ? - help, v - describe, . - travel
Here: a deep elf annihilator, wielding a +1 lajatang of distortion, wearing a +0 leather armour and wearing the ring of Divine Intervention {rElec rF- rCorr AC+4} (lightly wounded)
The floor.
The deep elf master archer shouts!
The deep elf zephyrmancer shouts!
The deep elf annihilator casts a spell at you.
The bolt of lightning misses you.
The deep elf master archer shoots an arrow.
The arrow hits you!
* * * LOW HITPOINT WARNING * * *
You hear a shout! x2
You see here a scroll of noise.
You feel better.
Your surroundings seem slightly different.
The deep elf master archer shoots an arrow.
The arrow hits you!!
* * * LOW HITPOINT WARNING * * *
The deep elf zephyrmancer points at you and mumbles some strange words.
The bolt of lightning hits you!!
You die...

*,****#..§§≈.)≈≈...# *,,,*
*,***##..e§≈..≈≈...##*,,,*
*,,,,....§§§§§≈≈e....***,*
*,,,**#..e§§§§≈≈.).#.# *,*
*,,**,######§§######.##*,*
*,**,.....§§(ee...§...##,*
*,*,,....§§§§..........#,*
*,+,,......§..⌠.e......'.#
*,*,,.(.......@........#.#
####
****,...........?.....##,#
####
**#..............###*,*
#### ####........#### *,*
###. ########## *** #...
#... #... ##### #... #...#
#...


You could see a deep elf master archer, a deep elf annihilator, a deep elf
zephyrmancer and a +0 battleaxe of distortion.

Vanquished Creatures
  Jorgrun (D:13)
  Mlioglotl (Snake:1)
  Asterion (Snake:1)
  A deep elf blademaster (Elf:3)
  A kraken (Shoals:3)
  Frances (Shoals:2)
  Gastronok (D:9)
  A shadow dragon (Elf:1)
  Donald (Snake:1)
  8 nagarajas (Snake:4)
  4 deep elf sorcerers
  5 deep elf elementalists
  2 reapers (D:13)
  A deep elf annihilator (Elf:3)
  A minotaur (Gauntlet)
  Azrael (D:14)
  A dire elephant (D:15)
  5 deep elf demonologists
  2 deep elf death magi
  8 merfolk impalers
  13 merfolk javelineers
  2 deep elf high priests (Elf:3)
  Josephine (D:14)
  An ice dragon (Snake:3)
  Erolcha (Orc:1)
  A catoblepas (Lair:5)
  2 salamander tyrants
  10 hydras
  2 boulder beetles (D:12)
  5 centaur warriors
  4 merfolk avatars
  16 anacondas
  An alligator snapping turtle (Shoals:3)
  10 merfolk aquamancers
  4 satyrs
  16 dancing weapons
  A tengu warrior (D:14)
  13 naga warriors
  2 two-headed ogres (D:11)
  Urug (D:13)
  An occultist (Lair:5)
  7 naga sharpshooters
  An orc high priest (Orc:1)
  5 shock serpents
  5 death yaks
  Sonja (Lair:1)
  10 deep elf knights
  2 soul eaters (D:13)
  Amaemon (D:9)
  A sun demon (Lair:5)
  8 skysharks
  Lodul (D:13)
  7 naga ritualists
  2 salamander mystics
  A wretched star (Gauntlet)
  An arcanist (D:15)
  31 sea snakes
  An orange crystal statue (Gauntlet)
  4 deep elf archers
  2 flayed ghosts (D:13)
  4 mana vipers
  2 orc knights (Orc:2)
  A spectral wolf spider (D:13)
  33 deep elf pyromancers
  18 deep elf zephyrmancers
  A wolf spider (D:15)
  3 wolf spider zombies (D:13)
  8 necromancers (D:13)
  5 cyclopes
  4 harpies (Shoals:4)
  6 ugly things
  14 salamanders
  2 orc sorcerers
  17 fauns
  Maurice (D:7)
  An oklob plant (Lair:3)
  An elephant (shapeshifter) (D:14)
  18 manticores
  An elephant (Lair:5)
  A moth of wrath (Gauntlet)
  9 guardian serpents
  2 kobold blastminers (Orc:2)
  A meliai (shapeshifter) (Elf:2)
  8 spectral centaurs (D:13)
  10 merfolk sirens
  6 water nymphs
  14 naga magi
  33 black mambas
  Joseph (D:7)
  A torpor snail (Lair:2)
  4 gargoyles
  2 kobold demonologists
  6 cane toads
  3 rime drakes (Lair:5)
  5 centaur skeletons (D:13)
  An orange demon (D:9)
  An unseen horror (D:13)
  A yaktaur (shapeshifter) (Elf:3)
  5 komodo dragons
  5 yaktaurs (D:13)
  A tengu conjurer (D:14)
  2 tormentors (D:13)
  An anaconda simulacrum (IceCv)
  4 freezing wraiths
  An efreet (D:14)
  5 ice devils
  3 red devils (Lair:5)
  8 wind drakes
  A polar bear (Lair:5)
  4 trolls
  45 merfolk
  2 hornets (D:8)
  A hellwing (Lair:5)
  A wolf spider simulacrum (D:13)
  A harpy skeleton (D:13)
  18 blink frogs
  5 dream sheep (Lair:5)
  9 snapping turtles
  A spectral meliai (D:13)
  Prince Ribbit (D:7)
  A meliai zombie (D:13)
  A snapping turtle (shapeshifter) (D:14)
  7 slime creatures
  3 air elementals
  2 centaur simulacra (D:13)
  Sigmund (D:4)
  4 shadows
  22 water elementals
  4 wyverns
  48 yaks
  2 vampires
  3 wraiths
  2 basilisks
  5 fire elementals
  A warg (Orc:1)
  A golden eye (shapeshifter) (D:15)
  2 steam dragons
  A neqoxec (Gauntlet)
  8 vampire mosquitoes
  Menkaure (D:7)
  38 nagas
  4 acid dragons
  10 water moccasins
  11 hell hounds
  A meliai simulacrum (D:13)
  33 orc warriors
  A sky beast (D:7)
  An ice beast (D:5)
  2 laughing skulls (D:14)
  7 wolves
  10 ogres
  24 centaurs
  2 phantoms
  7 bullfrogs
  3 kobold brigands
  2 gnoll sergeants
  5 earth elementals
  2 wyvern skeletons (D:5)
  A burial acolyte (Ossuary)
  4 water moccasin zombies (Ossuary)
  5 wights (D:8)
  A troll zombie (D:10)
  14 killer bees
  A water moccasin skeleton (D:5)
  3 howler monkeys
  7 electric eels
  6 centaur zombies
  5 jellies
  A bombardier beetle (D:6)
  A gnoll bouda (D:7)
  A spectral scorpion (Ossuary)
  5 bullfrog skeletons (D:5)
  13 orc priests
  Crazy Yiuf (D:7)
  A hound (D:5)
  Natasha (thrice) (D:3)
  23 orc wizards
  6 iguanas
  A scorpion zombie (D:5)
  A killer bee zombie (D:5)
  A bullfrog simulacrum (Ossuary)
  5 ogre zombies (D:10)
  A hound zombie (D:5)
  A hound skeleton (D:5)
  2 mummies (Ossuary)
  13 gnolls
  A howler monkey zombie (D:5)
  8 adders
  An adder skeleton (D:5)
  6 adder zombies
  11 dart slugs
  3 ribbon worms (D:2)
  92 orcs
  23 endoplasms
  4 giant cockroaches
  14 goblins
  6 hobgoblins
  6 jackals (D:1)
  28 kobolds
  3 quokkas (D:2)
  8 ball pythons
  7 bats
  3 frilled lizards
  5 gnoll skeletons (D:10)
  15 gnoll zombies
  2 goblin zombies (D:7)
  3 jackal zombies (Ossuary)
  An orc skeleton (D:10)
  14 orc zombies
  3 rats
  A fulminant prism (D:9)
  2 tentacles (Shoals:3)
1297 creatures vanquished.

Vanquished Creatures (collateral kills)
  A hydra (Lair:5)
  A boulder beetle (Lair:3)
  4 death yaks
  A shock serpent (Snake:2)
  A skyshark (Lair:4)
  3 mana vipers
  5 ugly things (D:14)
  A cyclops (D:12)
  A naga mage (Snake:2)
  3 elephants (Lair:5)
  5 cane toads
  2 rime drakes
  3 komodo dragons
  A polar bear (shapeshifter) (D:14)
  A polar bear (Lair:2)
  9 blink frogs
  A centaur simulacrum (D:13)
  2 wraiths (D:14)
  A wyvern (Lair:4)
  13 yaks
  2 basilisks
  A naga (Snake:2)
  An acid dragon (D:12)
  A water moccasin (Lair:2)
  A centaur (D:14)
  2 bullfrogs
67 creatures vanquished.

Vanquished Creatures (others)
  64 fulminant prisms
  6 tentacles (Shoals:3)
70 creatures vanquished.

Grand Total: 1434 creatures vanquished

Notes
Turn   | Place    | Note
-------+----------+-------------------------------------------
     0 | D:1      | jasper the Demigod Conjurer began the quest for the Orb.
     0 | D:1      | Reached XP level 1. HP: 14/14 MP: 5/5
   158 | D:1      | Reached skill level 4 in Conjurations
   158 | D:1      | Reached XP level 2. HP: 10/20 MP: 1/7
   181 | D:1      | Learned a level 2 spell: Searing Ray
   724 | D:1      | Learned a level 2 spell: Blink
  1290 | D:2      | Reached XP level 3. HP: 27/27 MP: 1/8
  1362 | D:2      | Identified the +0 chain mail of Cowardice {rPois rN+ Slay+3
                  | SInv}
  1802 | D:2      | Reached skill level 1 in Translocations
  2009 | D:2      | Reached skill level 1 in Shields
  2221 | D:2      | Reached skill level 1 in Fighting
  2572 | D:3      | Reached XP level 4. HP: 33/35 MP: 4/9
  2974 | D:3      | Noticed Natasha
  2978 | D:3      | Killed Natasha
  3029 | D:3      | Noticed Natasha
  3046 | D:3      | Killed Natasha
  3047 | D:3      | Reached XP level 5. HP: 41/41 MP: 5/10
  3088 | D:3      | Found Wyikiyfi's Armour Boutique.
  3156 | D:3      | Found a glowing drain.
  3441 | D:3      | Bought a +2 pair of boots of rampaging for 236 gold pieces
  3491 | D:3      | Noticed Natasha
  3495 | D:3      | Killed Natasha
  3566 | D:3      | Found Ofohoo's Distillery.
  3574 | D:3      | Bought a potion of curing for 33 gold pieces
  3694 | D:4      | Noticed Sigmund
  3712 | D:3      | Reached skill level 5 in Conjurations
  3792 | D:4      | Killed Sigmund
  3793 | D:4      | Reached XP level 6. HP: 49/50 MP: 2/11
  3798 | D:4      | Learned a level 4 spell: Iskenderun's Mystic Blast
  4052 | D:4      | Found a staircase to the Ecumenical Temple.
  4441 | D:4      | Identified the +0 dagger of Tulo {flame, rPois Will+ Int-3}
  4502 | Temple   | Entered the Ecumenical Temple
  4528 | D:5      | Entered Level 5 of the Dungeon
  4822 | D:5      | Reached XP level 7. HP: 54/57 MP: 0/13
  4959 | D:5      | Learned a level 1 spell: Apportation
  5059 | D:5      | Reached skill level 6 in Conjurations
  5580 | D:3      | Bought a +2 helmet for 181 gold pieces
  5934 | D:5      | Reached skill level 7 in Conjurations
  5943 | D:5      | Reached XP level 8. HP: 66/66 MP: 1/14
  7042 | D:6      | Reached skill level 8 in Conjurations
  7634 | D:7      | Noticed Maurice
  7657 | D:7      | Reached skill level 5 in Fighting
  7683 | D:7      | Something stole a staff of air
  7686 | D:7      | Something stole 69 gold
  7690 | D:7      | Something stole 3 javelins
  7702 | D:7      | Killed Maurice
  7986 | D:7      | Reached XP level 9. HP: 48/74 MP: 3/15
  8093 | D:7      | Found a sand-covered staircase.
  8100 | Ossuary  | Entered an ossuary
  8820 | D:7      | Noticed Joseph
  9090 | D:8      | Reached skill level 5 in Dodging
  9098 | D:8      | Learned a level 4 spell: Fulminant Prism
  9321 | D:8      | Reached skill level 1 in Alchemy
 10347 | D:8      | Reached XP level 10. HP: 84/84 MP: 6/18
 10474 | D:8      | Identified the +2 cloak of the Lily {rPois SInv Stlth+}
 10698 | D:8      | Found a staircase to the Lair.
 11180 | D:9      | Noticed Gastronok
 11429 | D:9      | Noticed a +0 hand axe
 11433 | D:9      | Noticed a +0 dagger
 11676 | D:9      | Noticed Amaemon
 11713 | D:9      | Killed Amaemon
 11932 | D:9      | Reached skill level 5 in Spellcasting
 12040 | D:9      | Learned a level 5 spell: Summon Mana Viper
 12569 | D:9      | Killed Gastronok
 12871 | D:10     | Entered Level 10 of the Dungeon
 12940 | D:10     | Found Nyomat Rotu's Book Shop.
 12944 | D:10     | Found Uxig Ela's Weapon Emporium.
 13122 | D:10     | Found Cexaoluko's Antique Armour Emporium.
 13231 | D:10     | Identified the +1 sling of Massacring {heavy, MP+9}
 13447 | D:10     | Found a staircase to the Orcish Mines.
 13760 | D:10     | Reached XP level 11. HP: 92/92 MP: 6/22
 14019 | D:10     | Found Hewna's Antique Weapon Shoppe.
 14278 | D:11     | Noticed a two-headed ogre
 14278 | D:11     | Noticed a two-headed ogre
 14284 | D:11     | Killed a two-headed ogre
 14285 | D:11     | Killed a two-headed ogre
 14610 | D:11     | Reached skill level 5 in Hexes
 14610 | D:11     | Reached skill level 5 in Summonings
 14883 | D:11     | Found Viown's Book Shoppe.
 15176 | D:11     | Identified the +0 scale mail of Leaves {Dex+3}
 15648 | D:11     | Identified the +0 leather armour of Fedhas's Indignation
                  | {rN+}
 15653 | D:11     | Got Qethrer's Dissertation on Transforming Angles
 16060 | D:7      | Noticed Menkaure
 16159 | D:7      | Killed Menkaure
 16441 | D:7      | Killed Joseph
 16481 | D:7      | Noticed Prince Ribbit
 16488 | D:7      | Killed Prince Ribbit
 16916 | D:7      | Found a runed translucent door.
 16917 | D:7      | Noticed Crazy Yiuf
 17281 | D:7      | Killed Crazy Yiuf
 17584 | Lair:1   | Entered Level 1 of the Lair of Beasts
 18000 | Lair:1   | Noticed Sonja
 18038 | Lair:1   | Killed Sonja
 18245 | Lair:1   | Learned a level 3 spell: Mephitic Cloud
 18305 | Lair:1   | Identified the +0 falchion "Gram" {flame, Dex+5}
 18377 | Lair:1   | Reached XP level 12. HP: 100/100 MP: 4/27
 19043 | Lair:2   | Learned a level 5 spell: Freezing Cloud
 19194 | Lair:2   | Found a staircase to the Shoals.
 19256 | Lair:2   | Reached skill level 1 in Air Magic
 19259 | Lair:2   | Reached skill level 1 in Ice Magic
 20224 | Lair:3   | Noticed a boulder beetle
 20237 | Lair:3   | Killed a boulder beetle
 20329 | Lair:3   | Reached skill level 9 in Conjurations
 20790 | Lair:3   | Found a staircase to the Snake Pit.
 22210 | Lair:4   | Reached XP level 13. HP: 85/105 MP: 26/31
 22511 | Lair:4   | Found a staircase to the Slime Pits.
 22863 | Lair:5   | Entered Level 5 of the Lair of Beasts
 22872 | Lair:5   | Reached skill level 10 in Spellcasting
 23399 | Lair:5   | Learned a level 6 spell: Bombard
 23489 | Lair:5   | Reached skill level 1 in Earth Magic
 24440 | Lair:5   | Reached skill level 10 in Conjurations
 24764 | Lair:5   | Found a gateway to Hell.
 24977 | Lair:5   | Reached skill level 5 in Earth Magic
 25172 | Lair:5   | Reached XP level 14. HP: 115/115 MP: 17/33
 25867 | Orc:1    | Entered Level 1 of the Orcish Mines
 25867 | Orc:1    | Noticed Erolcha
 25872 | Orc:1    | Killed Erolcha
 26271 | Orc:2    | Entered Level 2 of the Orcish Mines
 26276 | Orc:2    | Found a gate leading to a gauntlet.
 26285 | Gauntlet | Entered a Gauntlet
 26285 | Gauntlet | Found a transporter.
 26285 | Gauntlet | Found a transporter.
 26290 | Gauntlet | Found a transporter.
 26290 | Gauntlet | Found a transporter.
 26301 | Gauntlet | Found a transporter.
 26308 | Gauntlet | Found a transporter.
 26318 | Gauntlet | Found a transporter.
 26318 | Gauntlet | Found a transporter.
 26319 | Gauntlet | Found the brooch of Shielding {Spirit SH+8}
 26342 | Gauntlet | Found a transporter.
 26349 | Gauntlet | Found a transporter.
 26363 | Gauntlet | Found a transporter.
 26383 | Gauntlet | Found a transporter.
 26429 | Gauntlet | Found a transporter.
 26432 | Gauntlet | Noticed a reaper
 26443 | Gauntlet | Found a transporter.
 26544 | Gauntlet | Found a transporter.
 26564 | Gauntlet | Found a transporter.
 26655 | Gauntlet | Identified the staff of Koeroj {rElec rN+ Ice Earth}
 26810 | Gauntlet | Identified the ring of Femno {rPois Str+3 Dex+6}
 26913 | Gauntlet | Reached skill level 11 in Conjurations
 26941 | Gauntlet | Identified the amulet "Gezes" {RegenMP rPois}
 27654 | Orc:2    | Found a staircase to the Elven Halls.
 28134 | Orc:2    | Found a runed translucent door.
 28134 | Orc:2    | Noticed bearlyready's ghost (journeyman GnSh)
 28291 | Orc:2    | Found Poiris's Magic Scroll Shoppe.
 28291 | Orc:2    | Found Idaumu Diann's Assorted Antiques.
 28293 | Orc:2    | Found Riozihe's Magic Scroll Boutique.
 28295 | Orc:2    | Found Himuul's Magic Scroll Emporium.
 28299 | Orc:2    | Bought a scroll of teleportation for 39 gold pieces
 28299 | Orc:2    | Bought a scroll of fear for 52 gold pieces
 28301 | Orc:2    | Bought a scroll of fear for 72 gold pieces
 28301 | Orc:2    | Bought a scroll of fear for 72 gold pieces
 28301 | Orc:2    | Bought a scroll of teleportation for 54 gold pieces
 28306 | Orc:2    | Bought a scroll of teleportation for 42 gold pieces
 28306 | Orc:2    | Bought a scroll of fear for 56 gold pieces
 28306 | Orc:2    | Bought a scroll of immolation for 56 gold pieces
 29047 | D:10     | Bought the Collected Works on the Mesa for 504 gold pieces
 29306 | D:12     | You fall into a shaft and drop 2 floors!
 29314 | D:14     | Noticed Josephine
 29329 | D:14     | Killed Josephine
 29334 | D:15     | Entered Level 15 of the Dungeon
 29382 | D:14     | Reached skill level 12 in Conjurations
 29413 | D:14     | Found a gate to the Vaults.
 29444 | D:14     | Noticed Azrael
 29456 | D:14     | Killed Azrael
 31838 | D:13     | Noticed Jorgrun
 31844 | D:13     | Killed Jorgrun
 31921 | D:13     | Reached XP level 15. HP: 125/125 MP: 23/35
 31927 | D:13     | Learned a level 5 spell: Borgnjor's Vile Clutch
 32067 | D:13     | Reached skill level 1 in Necromancy
 32344 | D:13     | Noticed Urug
 32354 | D:13     | Killed Urug
 32501 | D:13     | Noticed Lodul
 32507 | D:13     | Killed Lodul
 32697 | D:13     | Identified the maw talisman "Wolompirr" {Will+++ Str+6
                  | Dex-5 Stlth-}
 33540 | D:13     | Reached skill level 10 in Fighting
 35135 | D:15     | Reached skill level 10 in Earth Magic
 35510 | D:15     | Found a runed translucent door.
 35514 | D:15     | Noticed AyAyRon's ghost (adept DsFi)
 35880 | D:15     | Found a staircase to the Depths.
 36129 | Snake:1  | Entered Level 1 of the Snake Pit
 36365 | Snake:1  | Identified the +0 leather armour "Bitibiu" {Rampage rElec
                  | Dex+7 SInv Stlth-}
 36367 | Snake:1  | Reached skill level 10 in Dodging
 36444 | Snake:1  | Noticed Donald
 36449 | Snake:1  | Killed Donald
 36487 | Snake:1  | Identified the +0 ring mail of the Bruised Lovers {rPois
                  | rCorr Int+6 Dex-2}
 36847 | Snake:1  | Noticed Asterion
 36853 | Snake:1  | Killed Asterion
 37392 | Snake:1  | Noticed Mlioglotl
 37414 | Snake:1  | HP: 5/128 [cloud of freezing vapour (14)]
 37439 | Snake:2  | HP: 4/128 [shock serpent (6)]
 37439 | Snake:2  | HP: 1/128 [shock serpent (3)]
 37766 | Snake:2  | Reached skill level 1 in Staves
 37773 | Snake:2  | Reached XP level 16. HP: 137/137 MP: 9/36
 38547 | Snake:2  | Reached skill level 5 in Staves
 38656 | Snake:2  | Identified the +2 mace of Atues {holy, rPois rF+ Int-3
                  | Dex+3}
 39286 | Snake:3  | Found a glacial archway.
 39302 | IceCv    | Entered an ice cave
 39851 | Snake:3  | Found the +2 Maxwell's thermic engine {flame, freeze, rev}
 40270 | Snake:3  | Found Foap's Overcharged Wands.
 40798 | Snake:1  | Killed Mlioglotl
 41072 | D:10     | Bought a book of Transmutation for 392 gold pieces
 41275 | Snake:1  | Found Hucwoss's Book Shoppe.
 42268 | Snake:4  | Entered Level 4 of the Snake Pit
 43095 | Snake:4  | Identified a scroll of acquirement
 43096 | Snake:4  | Acquired 734 gold pieces
 43320 | Snake:3  | Learned a level 2 spell: Sublimation of Blood
 43610 | Snake:4  | Reached skill level 10 in Staves
 43880 | Snake:4  | Reached XP level 17. HP: 85/144 MP: 5/38
 45499 | Snake:4  | Got a serpentine rune of Zot
 45711 | Shoals:1 | Entered Level 1 of the Shoals
 45821 | Shoals:1 | Reached skill level 5 in Necromancy
 46324 | Shoals:1 | Found a runed translucent door.
 46325 | Shoals:1 | Noticed Glennnyy's ghost (adept GrFi)
 46936 | Shoals:2 | Found a gateway to a bazaar.
 47377 | Bazaar   | Entered a bazaar
 47425 | Bazaar   | Found Jupsetisch's Assorted Antiques.
 47429 | Bazaar   | Bought a scroll of enchant armour for 307 gold pieces
 47429 | Bazaar   | Bought a scroll of enchant armour for 307 gold pieces
 47429 | Bazaar   | Bought a phial of floods for 1640 gold pieces
 47466 | Bazaar   | Found Peumim's Assorted Antiques.
 47471 | Bazaar   | Bought a scroll of teleportation for 57 gold pieces
 47471 | Bazaar   | Bought a potion of cancellation for 152 gold pieces
 47477 | Bazaar   | Found Epuufa's Book Shoppe.
 48083 | Shoals:2 | Noticed Frances
 48096 | Shoals:2 | Killed Frances
 49812 | Shoals:3 | Found a transporter.
 49932 | Shoals:3 | Found Ufopup's Distillery.
 49945 | Shoals:3 | Reached skill level 13 in Conjurations
 50116 | Shoals:3 | Found a transporter.
 50659 | Shoals:3 | Found a runed translucent door.
 50661 | Shoals:3 | Noticed royokou's ghost (adept GrEE)
 50878 | Shoals:4 | Entered Level 4 of the Shoals
 51220 | Shoals:4 | Reached XP level 18. HP: 86/152 MP: 12/39
 54564 | Shoals:4 | Got a barnacled rune of Zot
 55362 | Elf:1    | Entered Level 1 of the Elven Halls
 55430 | Elf:1    | Reached skill level 14 in Conjurations
 55501 | Elf:1    | Reached skill level 1 in Armour
 55795 | Elf:1    | Found Ibinu's Antique Weapon Shoppe.
 56446 | Elf:1    | Reached skill level 5 in Armour
 56754 | Elf:1    | Found a portal to a secret trove of treasure.
 57067 | Elf:2    | Identified the +1 mace "Dragonslayer" {antimagic, Will+
                  | Int+3 Dex+2}
 57637 | Elf:2    | Found a runed translucent gate.
 57638 | Elf:2    | Found a runed translucent gate.
 57638 | Elf:2    | Found a runed translucent gate.
 58186 | Elf:3    | Entered Level 3 of the Elven Halls
 58819 | Elf:3    | Paralysed by an air elemental for 1 turns
 59388 | Elf:3    | Identified the +8 short sword of the Grave {heavy, +Blink
                  | rN+ rCorr}
 59391 | Elf:3    | Reached XP level 19. HP: 148/163 MP: 20/40
 59859 | Elf:3    | Identified the ring of Divine Intervention {rElec rF- rCorr
                  | AC+4}
 59861 | Elf:3    | Noticed a Brimstone Fiend
 59880 | Elf:3    | HP: 5/166 [deep elf master archer/arrow (23)]
 59880 | Elf:3    | Killed from afar by a deep elf zephyrmancer

Illustrated notes

Levels and vault maps discovered:
D:1:      amcnicky_arrival_blooded_trapdoor, layout_loops_corners, minmay_vboxes
D:2:      layout_basic, dk_noncrumbling_2
D:3:      layout_basic, nzn_wu_jian_council_hall, gup_sewer_entry_glass,
          serial_shops, nicolae_shop_tiny_waterfront, shop, uniq_natasha
D:4:      layout_rooms, minmay_overflow_temple_star_hex, bloody_trog,
          minmay_temple_entry_proselytizer, uniq_sigmund
D:5:      kennysheep_slugbush, layout_basic, general_overflow_altar,
          serial_undead, serial_undead_f, serial_undead_c, serial_undead_c,
          serial_undead_a
D:6:      layout_loops_ring, kennysheep_mini_moat, mainiacjoe_overflow_chevrons,
          reono_crystal_passage
D:7:      layout_layer_cave, enter_ossuary_4, hangedman_abyss_or_decor_stabs,
          minmay_misc_feat_iff, uniq_maurice, uniq_menkaure, uniq_joseph,
          uniq_crazy_yiuf_cottage, uniq_prince_ribbit1
D:8:      layout_loops_corners, mainiacjoe_overflow_alcove_4,
          erik_lair_orcish_takeover, special_room [special_room_orc],
          minmay_joined_circles
D:9:      layout_long_grid, dancing_weapons_uskayaw, uniq_amaemon,
          uniq_gastronok
D:10:     layout_basic, lemuel_round_altar, zombieorc1_lemuel, serial_shops,
          kennysheep_mini, nicolae_shop_peninsula, shop, shop
D:11:     layout_roguey, serial_shops, nicolae_square_shop,
          nrook_guardian_serpent_double
D:12:     layout_gridville
D:13:     evilmike_negative_zone, layout_stronghold, serial_bayou_crossing,
          uniq_lodul, uniq_urug, uniq_jorgrun
D:14:     layout_basic, david_vaults_2, kennysheep_decorative_pillar,
          uniq_azrael, uniq_josephine
D:15:     hangedman_depths_entry_try_elsewhere_first, layout_irregular_city,
          ebering_ghost_xom, nicolae_ru_awakened_eye
Temple:   nicolae_temple_cloud_nine
Lair:1:   layout_hall_layers, lemuel_fruit_tree, uniq_sonja
Lair:2:   layout_roguey, shoals_dummy_entry
Lair:3:   lemuel_slime, layout_cellular_growth, nicolae_snake_entry_squirm,
          infiniplex_staircase_pool_2
Lair:4:   layout_concentric_octagons, slime_entry_2
Lair:5:   evil_forest, layout_loops_ring, grunt_megastairs_1
Shoals:1: layout_shoals, gammafunk_ghost_grave
Shoals:2: layout_shoals, serial_shops, bzr_entry_customers, uniq_frances
Shoals:3: layout_shoals, serial_shops, nicolae_shop_drivethru,
          gammafunk_ghost_grave
Shoals:4: shoals_end_simple, layout_shoals
Snake:1:  hangedman_cross_stitches, layout_layer_cave, serial_shops, shop,
          nrook_loot_triangle, uniq_mlioglotl, uniq_donald, uniq_asterion
Snake:2:  layout_grid_shapes, serial_bayou_lake_a
Snake:3:  layout_basic, portal_ice_cave_entry_dragon,
          nicolae_shop_overcharged_wands
Snake:4:  grunt_snake_rune_pools, layout_rooms, grunt_megastairs_3
Orc:1:    layout_caves, uniq_erolcha
Orc:2:    st_orc_rangers, layout_caves, gauntlet_entry_generic,
          hellmonk_ghost_happy_afterlife
Elf:1:    minmay_the_grid_net [minmay_the_grid_all_tris,
          minmay_the_grid_stretched_grid, minmay_the_grid_dragon_a,
          minmay_the_grid_box_x, minmay_the_grid_embedded,
          minmay_the_grid_prize_diamond_cup], layout_gridlike, serial_shops,
          shop, nicolae_trove_entry_crossroad, evilmike_minifort
Elf:2:    nicolae_elf_blades_crystal_corner, layout_geoelf_octagon, uniq_nikola,
          uniq_saint_roka
Elf:3:    elf_hall_gauntlet_wide, layout_geoelf_octagon

Skill      XL: |  1  2  3  4  5  6  7  8  9 10 11 12 13 14 15 16 17 18 |
---------------+-------------------------------------------------------+-----
Spellcasting   | 2 3 5 7 9 11 12 | 12.0
Conjurations   | 4 5 7 8 9 10 12 13 14 | 14.0
Translocations | 1 2 3 4 |  4.0
Shields        | 1 2 3 4 |  4.0
Fighting       | 1 2 3 4 5 6 7 8 9 11 13 | 13.9
Dodging        | 2 4 5 6 7 8 10 | 10.2
Alchemy        | 3 4 |  4.0
Hexes          | 3 7 |  7.0
Summonings     | 3 7 |  7.0
Air Magic      | 4 |  4.0
Ice Magic      | 4 |  4.0
Earth Magic    | 5 8 11 12 13 | 13.1
Necromancy     | 3 6 |  6.0
Staves         | 2 10 12 | 12.0
Armour         | 7 |  7.5
Stealth        | |  1.7

Action                     |  1- 3 |  4- 6 |  7- 9 | 10-12 | 13-15 | 16-18 | 19-21 || total
---------------------------+-------+-------+-------+-------+-------+-------+-------++-------
  Melee: Staff             |    16 |       |       |       |   160 |    52 |     1 ||   229
         Short sword       |       |    19 |   146 |   329 |   117 |       |       ||   611
         Unarmed           |       |       |    21 |       |       |       |       ||    21
         Demon trident     |       |       |       |       |       |     3 |     2 ||     5
  Throw: Dart              |       |       |       |     1 |       |       |       ||     1
   Cast: Magic Dart        |    77 |    75 |   146 |   133 |    89 |    49 |       ||   569
         Searing Ray       |    11 |    18 |    69 |    39 |     2 |       |       ||   139
         Iskenderun's Myst |       |       |    10 |    65 |   119 |    92 |     1 ||   287
         Fulminant Prism   |       |       |    11 |    42 |     7 |     5 |       ||    65
         Blink             |       |       |       |     2 |     1 |       |     1 ||     4
         Summon Mana Viper |       |       |       |    26 |    20 |     6 |       ||    52
         Freezing Cloud    |       |       |       |    16 |   152 |   320 |     9 ||   497
         Apportation       |       |       |       |     1 |     3 |       |       ||     4
         Bombard           |       |       |       |       |   166 |   182 |     4 ||   352
         Borgnjor's Vile C |       |       |       |       |    65 |   367 |    11 ||   443
         Sublimation of Bl |       |       |       |       |       |    51 |       ||    51
  Evoke: Wand              |       |       |     1 |    20 |    17 |     8 |       ||    46
    Use: Potion            |       |       |     1 |       |     7 |     1 |     2 ||    11
         Scroll            |       |       |    15 |    10 |     6 |     7 |     3 ||    41
   Stab: Confused          |       |       |     1 |       |       |       |       ||     1
         Distracted        |       |       |       |     3 |       |       |       ||     3
         Sleeping          |       |       |       |     2 |     1 |       |       ||     3
         Petrified         |       |       |       |       |     2 |       |       ||     2
 Armour: Robe              |    17 |    28 |    18 |   221 |   596 |   370 |       ||  1250
         Leather armour    |       |       |   138 |     3 |       |       |       ||   141
         Skin              |       |       |    20 |       |       |       |       ||    20
         Ring mail         |       |       |       |       |       |    55 |    21 ||    76
  Dodge: Dodged            |    24 |    18 |   138 |   175 |   460 |   223 |     8 ||  1046
  Block: Buckler           |     2 |     8 |    62 |   185 |   240 |    47 |     1 ||   545
         Reflection        |       |       |       |     6 |     1 |       |       ||     7
